Get step-by-step instructions on how to execute this build order below. Start the game timer, and the build order will tick by so you can play in parallel with StarCraft on a second screen or mobile device.

Game Time

  0:00

Last Step

  N/A

Next Step

Upcoming Step



Don't want to look back and forth between 2 screens? Try out our Overwolf App, the Spawning Tool Build Advisor to get an in-game overlay with this build!

Complete Build Order

  12  0:03  Drone  
  12  0:15  Overlord  
  12  0:19  Drone  
  12  0:23  Extractor  
  12  0:26  Drone  
  12  0:34  Drone  
  12  0:38  Drone  
  12  0:54  Hatchery  
  12  0:59  Drone  
  12  1:11  Spawning Pool  
  12  1:13  Drone  
  12  1:17  Extractor  
  12  1:19  Drone  
  12  1:21  Drone